 Dungeon Crawl Stone Soup version 0.25.0-9-g26727b657a (webtiles) character file.

Game seed: 721275830146506360

490 Esekla the Slasher (level 7, -6/49 HPs)
             Began as an Octopode Abyssal Knight on June 21, 2020.
             Was a Believer of Lugonu.
             Mangled by an ogre
             ... wielding a +0 giant club
              (31 damage)
             ... on level 5 of the Dungeon.
             The game lasted 00:30:34 (3613 turns).

Esekla the Slasher (Octopode Abyssal Knight)        Turns: 3613, Time: 00:30:34

Health: -6/49      AC:  1    Str: 12    XL:     7   Next: 14%
Magic:  8/8        EV: 14    Int: 14    God:    Lugonu [**....]
Gold:   194        SH:  0    Dex: 13    Spells: 6/6 levels left

rFire    . . .     SeeInvis .   a - +1 falchion
rCold    . . .     Gourm    .   (no shield)
rNeg     . . .     Faith    .   (helmet restricted)
rPois    +         Spirit   .   q - amulet of regeneration
rElec    .         Reflect  .   d - +4 ring of slaying
rCorr    .         Harm     .   p - ring of poison resistance
MR       .....                  (no ring)
Stlth    +++.......             (no ring)
HPRegen  0.56/turn              (no ring)
MPRegen  0.11/turn              (no ring)
                                (no ring)
                                (no ring)

@: no status effects
A: almost no armour, stealthy swim, amphibious, 8 rings, constrict 8, camouflage
1, gelatinous body 1
a: Depart the Abyss, Bend Space, Renounce Religion


You were on level 5 of the Dungeon.
You worshipped Lugonu.
Lugonu was pleased with you.
You were not hungry.

You visited 1 branch of the dungeon, and saw 5 of its levels.
You visited the Abyss 1 time.

You collected 194 gold pieces.

Inventory:

Hand Weapons
 a - a +1 falchion (weapon)
 s - a +2 short sword of speed
Missiles
 l - 14 boomerangs (quivered)
Jewellery
 d - a +4 ring of slaying (left tentacle)
 o - an uncursed ring of ice
 p - a ring of poison resistance (right tentacle)
 q - an amulet of regeneration (around mantle)
Scrolls
 e - a scroll of identify
 i - a scroll of magic mapping {unknown}
 j - 3 scrolls of amnesia
 k - 2 scrolls of teleportation
 r - a scroll of enchant armour {unknown}
 v - a scroll of remove curse
 w - a scroll of enchant weapon {unknown}
Potions
 f - a potion of heal wounds
 g - 2 potions of might
 h - a potion of cancellation
 m - a potion of curing
 n - a potion of berserk rage
 t - a potion of stabbing
 u - a potion of brilliance {unknown}
Miscellaneous
 c - a lightning rod (2/4)
Comestibles
 b - 4 rations


   Skills:
 + Level 4.3 Fighting
 * Level 4.9 Long Blades
 * Level 1.7 Throwing
 * Level 3.5 Dodging
 + Level 3.1 Stealth
 + Level 2.1 Invocations
 + Level 1.6 Evocations


You had 6 spell levels left.
You didn't know any spells.
Your spell library was empty.

Dungeon Overview and Level Annotations

Branches:
Dungeon (5/15)
 Temple: D:4-7

Altars:
Gozag
Hepliaklqana
The Shining One


Innate Abilities, Weirdness & Mutations

You cannot wear most types of armour.
You are very stealthy in the water. (Stealth+)
You are amphibious.
You can wear up to eight rings at the same time.
You can use your tentacles to constrict eight enemies at once.
Your skin changes colour to match your surroundings (Stealth+).
Your rubbery body absorbs attacks. (AC +1, EV +1)


Message History

A centaur and an ogre come into view.
The ogre shouts!
You see here a scroll labeled IBUACY PEGAVAU.
w - a scroll labeled IBUACY PEGAVAU The centaur shouts!
The centaur wields a cursed -1 shortbow.
The centaur shoots an arrow.
The arrow hits you but does no damage.
The centaur shoots an arrow.
The arrow hits you!
You see here an arrow.
The centaur shoots an arrow.
The arrow closely misses you.
The centaur shoots an arrow.
The arrow hits you!
The centaur shoots an arrow.
The arrow hits you!
You see here 2 arrows.
The centaur shoots an arrow.
The arrow hits you!
* * * LOW HITPOINT WARNING * * *
You see here an arrow.
You feel much better.
The ogre hits you with a +0 giant club!!
Ouch! That really hurt!
You die...

... #.........# .. #.........
...#......... ...#.......#
...c.....# #.......## #.#
#.c......#
##########.#######...(....#..
#...............@O(.(........
#.###.#.##.##...≈≈.≈.....####
#.###.#.##.##............#
#.#...#.##.##≈..≈≈[(.#####
..#.#.#(##.###.......#
..#.#.#.##'#####.....#
...<###.#....# #.....#≈≈
#.##.≈..#....###......≈≈
†.÷..≈..#............≈≈≈.


You could see an ogre and a centaur.

Vanquished Creatures
  An ice beast (D:5)
  A phantom (D:4)
  A scorpion (D:4)
  An orc priest (D:4)
  A centaur skeleton (D:4)
  Jessica (D:2)
  An iguana (D:4)
  A worker ant (D:4)
  2 adders
  4 gnolls
  A dart slug (D:1)
  3 leopard geckos
  4 orcs
  5 giant cockroaches
  4 goblins
  9 hobgoblins
  2 jackals (D:5)
  12 kobolds
  A quokka (D:2)
  2 ball pythons
  8 bats
  7 frilled lizards
  12 rats
84 creatures vanquished.

Notes
Turn   | Place    | Note
-------+----------+-------------------------------------------
     0 | Abyss:1  | Esekla the Octopode Abyssal Knight began the quest for the
                  | Orb.
     0 | Abyss:1  | Reached XP level 1. HP: 16/16 MP: 2/2
    73 | Abyss:2  | Noticed an ancient zyme
    78 | Abyss:2  | Noticed a profane servitor
   112 | Abyss:2  | Noticed a large abomination
   121 | Abyss:2  | Noticed a purple very ugly thing
   121 | Abyss:2  | Noticed a purple ugly thing
   134 | D:1      | Escaped the Abyss
   371 | D:1      | Reached XP level 2. HP: 16/21 MP: 3/3
   512 | D:1      | Reached * piety under Lugonu
   700 | D:1      | Reached skill level 1 in Evocations
   700 | D:1      | Reached XP level 3. HP: 26/26 MP: 4/4
  1672 | D:2      | Reached skill level 1 in Stealth
  1680 | D:2      | Reached XP level 4. HP: 32/32 MP: 5/5
  1708 | D:2      | Noticed Jessica
  1720 | D:2      | Killed Jessica
  1868 | D:2      | Found an opulent altar of Gozag.
  1979 | D:2      | Reached ** piety under Lugonu
  1992 | D:2      | Found a hazy altar of Hepliaklqana.
  2308 | D:3      | Reached XP level 5. HP: 36/37 MP: 6/6
  2636 | D:3      | Found a glowing golden altar of the Shining One.
  2880 | D:4      | Reached skill level 1 in Throwing
  2894 | D:4      | Reached XP level 6. HP: 43/43 MP: 7/7
  3182 | D:4      | Noticed a phantom
  3198 | D:4      | Killed a phantom
  3510 | D:5      | Entered Level 5 of the Dungeon
  3536 | D:5      | Noticed an ice beast
  3543 | D:5      | Killed an ice beast
  3543 | D:5      | Reached XP level 7. HP: 31/49 MP: 8/8
  3611 | D:5      | HP: 1/49 [centaur/arrow (17)]
  3613 | D:5      | Mangled by an ogre

Illustrated notes

Levels and vault maps discovered:
D:1:      tarquinn_simple_flora_water_e, layout_loops_ring,
          serial_co_window_serial, co_window_paths_b, co_window_corner_a,
          co_window_of_opportunity_a, co_window_paths_a, co_window_paths_a,
          co_window_corner_a, co_window_unsneaky_path_a, co_window_paths_c,
          co_window_2corner, co_window_paths_c, co_window_unsneaky_path_c,
          co_window_corner_b, co_window_paths_d, glass_columns_b,
          minmay_misc_feat_doors
D:2:      layout_basic, lemuel_round_altar, lemuel_round_altar, first_ration,
          uniq_jessica
D:3:      minmay_skewed_foursquare, layout_rooms, lemuel_doored_altar
D:4:      layout_gridville
D:5:      minmay_clustersquares, layout_basic, serial_shops, shop,
          ebering_ghost_sewer_f, serial_rivers, chequers_serial_rivers_small_b,
          chequers_serial_rivers_micro_b, chequers_serial_rivers_micro_c,
          chequers_serial_rivers_small_3, chequers_serial_rivers_micro_b,
          chequers_serial_rivers_room_b

Skill      XL: |  1  2  3  4  5  6 |
---------------+-------------------+-----
Evocations     | 1 |  1.6
Stealth        | 1 2 3 |  3.1
Fighting       | 4 |  4.3
Dodging        | 3 |  3.5
Long Blades    | 3 4 |  4.9
Throwing       | 1 |  1.7
Invocations    | |  2.1

Action                   |  1- 3 |  4- 6 |  7- 9 || total
-------------------------+-------+-------+-------++-------
Melee: Falchion          |    49 |    73 |     2 ||   124
       Constrict         |    14 |    22 |     2 ||    38
       Tentacles         |     7 |    14 |     1 ||    22
Throw: Boomerang         |     1 |     6 |       ||     7
Invok: Depart the Abyss  |     1 |       |       ||     1
Evoke: Lightning rod     |     2 |     2 |       ||     4
  Use: Scroll            |       |     9 |       ||     9
       Potion            |       |       |     1 ||     1
 Stab: Sleeping          |     5 |     9 |       ||    14
       Distracted        |       |       |     1 ||     1
  Eat: Chunk             |     2 |     6 |       ||     8
Armor: Skin              |     7 |     4 |       ||    11
Dodge: Dodged            |    21 |    43 |     3 ||    67
       Rpst.: Falchion   |    10 |    14 |     1 ||    25
